 Dungeon Crawl Stone Soup version 0.26.0-45-g9c1d065592 (webtiles) character file.

Game seed: 1357514742006331305

604 lawman0 the Covert (level 7, -3/43 HPs)
             Began as a Kobold Delver on Jan 29, 2021.
             Was a Believer of Fedhas.
             Killed by nerve-wracking pain
             ... invoked by an orc priest
              (4 damage)
             ... on level 5 of the Dungeon on Jan 30, 2021.
             The game lasted 00:12:04 (4198 turns).

lawman0 the Covert (Kobold Delver)                  Turns: 4198, Time: 00:12:04

Health: -3/43      AC:  4    Str:  8 (10) XL:     7   Next: 70%
Magic:  16/16      EV: 15    Int: 13      God:    Fedhas [**....]
Gold:   291        SH:  0    Dex: 16      Spells: 6/6 levels left

rFire    . . .     SeeInvis +   a - +0 short sword
rCold    . . .     Faith    .   (shield restricted)
rNeg     . . .     Spirit   .   b - +0 leather armour
rPois    .         Reflect  .   (no helmet)
rElec    .         Harm     .   D - +0 cloak
rCorr    .         Rampage  .   (no gloves)
Will     .....                  (no boots)
Stlth    +++++.....             (no amulet)
HPRegen  0.14/turn              m - ring of see invisible
MPRegen  0.15/turn              B - ring of magical power

@: no status effects
A: small, nightstalker 3
a: Renounce Religion, Wall of Briars


You were on level 5 of the Dungeon.
You worshipped Fedhas.
Fedhas was pleased with you.
You visited 2 branches of the dungeon, and saw 6 of its levels.

You collected 291 gold pieces.

Inventory:

Hand Weapons
 a - a +0 short sword (weapon)
 h - a +0 scimitar
Missiles
 k - a throwing net (quivered)
 n - 3 curare-tipped darts
 C - 6 boomerangs
Armour
 b - a +0 leather armour (worn)
 D - a +0 cloak (worn)
Jewellery
 m - a ring of see invisible (left hand)
 B - a ring of magical power (right hand)
Wands
 g - a wand of digging (3)
 y - a wand of paralysis (9)
Scrolls
 c - 2 scrolls of fog
 e - 3 scrolls of fear
 i - 3 scrolls of teleportation
 j - 2 scrolls of magic mapping
 o - a scroll of remove curse
 r - a scroll of amnesia
 u - 2 scrolls of enchant armour
 v - a scroll of random uselessness {unknown}
 x - a scroll of immolation {unknown}
 z - 2 scrolls of noise {unknown}
 A - a scroll of enchant weapon
Potions
 d - a potion of brilliance
 f - 2 potions of haste
 l - a potion of berserk rage
 p - 2 potions of flight
 q - a potion of degeneration
 s - a potion of attraction
 t - 2 potions of mutation
 w - a potion of heal wounds


   Skills:
 + Level 4.2 Fighting
 + Level 5.7 Short Blades
 + Level 2.0 Armour
 + Level 3.1 Dodging
 - Level 10.0 Stealth


You had 6 spell levels left.
You didn't know any spells.
Your spell library contained the following spells:

 Spells                   Type           Power        Failure   Level
 Magic Dart               Conj           0%           41%         1
 Searing Ray              Conj           0%           54%         2
 Dazzling Flash           Conj/Hex       0%           78%         3
 Fulminant Prism          Conj/Hex       0%           99%         4
 Iskenderun's Mystic Bla  Conj/Tloc      0%           99%         4


Dungeon Overview and Level Annotations

Branches:
Dungeon (5/15)             Temple (1/1) D:4

Altars:
Cheibriados
Dithmenos
Elyvilon
Fedhas
Gozag
Hepliaklqana
Makhleb
Nemelex Xobeh
Qazlal
Sif Muna
Vehumet
Wu Jian
Xom
Yredelemnul
Zin
The Shining One


Innate Abilities, Weirdness & Mutations

You are small and have problems with some larger weapons.
You are completely attuned to the shadows.


Message History

Unknown command.
You closely miss the orc priest.
The orc priest is lightly wounded.
The orc hits you but does no damage. The worker ant closely misses you.
The orc priest closely misses you.
The orc priest hits you with a +0 hand axe.
* * * LOW HITPOINT WARNING * * *
The orc barely misses you.
Unknown command.
You hit the worker ant.
The worker ant is lightly wounded.
The worker ant completely misses you.
The orc priest hits you but does no damage.
The orc hits you with a +0 hand axe.
* * * LOW HITPOINT WARNING * * *
The orc closely misses you.
The orc priest mumbles some strange prayers to Beogh against you.
Pain shoots through your body!
You die...
Fedhas appreciates your contribution to the ecosystem.

.............# ###≈≈##
...##.######)# #####..≈≈.#####
.#)##.######.######.<....≈≈≈.....
.#.##...[)......##...##≈.≈..#####
.#.#########.##.#........≈≈..#
.#.# #.##.#....#≈≈.≈≈.≈# .#,*
#.##.#.#.##..≈≈≈≈.# .#,***
#.##$#.#.*#...≈≈..#
..,,,*******,*#o@o#,**,.≈.≈≈.####
,,,,,**,,,,,...Boo..#*,..≈≈.....#
,,,,,,,,,,,,.###..###*,,.≈≈..##.#
,,,,,**,****,**#..# *,≈...≈.##.#
,,,,,**,* *,,*#..# *,,.≈≈≈.##.#
#*,≈***,* *,+***** *,≈,≈≈..#..#
##.≈***,** ***,,,≈* **,≈≈≈.##.##
≈..≈≈≈,,,** *,,,≈* **≈≈≈..#.#
≈≈.*..≈≈,,** *,,,≈* **≈≈#.).#


You could see a worker ant, 2 orc priests and 2 orcs.

Vanquished Creatures
  A phantom (D:5)
  2 ogres (D:5)
  A centaur (D:5)
  A centaur skeleton (D:5)
  An orc wizard (D:5)
  2 worker ant zombies (D:5)
  13 adders
  An adder skeleton (D:3)
  4 worms
  2 leopard geckos (D:1)
  4 orcs (D:5)
  A giant cockroach (D:1)
  7 goblins
  8 hobgoblins
  3 jackals (D:3)
  3 quokkas (D:3)
  2 ball pythons (D:1)
  6 bats
  3 frilled lizards
  7 kobolds
  7 rats
79 creatures vanquished.

Notes
Turn   | Place    | Note
-------+----------+-------------------------------------------
     0 | D:5      | lawman0 the Kobold Delver began the quest for the Orb.
     0 | D:5      | Reached XP level 1. HP: 14/14 MP: 1/1
    25 | D:5      | Found a snail-covered altar of Cheibriados.
    61 | D:5      | Noticed an ogre
   139 | D:4      | Found an ornate altar of the Wu Jian Council.
   181 | D:4      | Found a staircase to the Ecumenical Temple.
   193 | Temple   | Entered the Ecumenical Temple
   368 | Temple   | Became a worshipper of Fedhas Madash
   612 | D:3      | Reached skill level 7 in Stealth
   612 | D:3      | Reached XP level 2. HP: 19/19 MP: 2/2
   683 | D:2      | Reached XP level 3. HP: 24/24 MP: 3/3
   705 | D:2      | Found a glowing silver altar of Zin.
   850 | D:2      | Reached XP level 4. HP: 29/29 MP: 4/4
   922 | D:2      | Found a hazy altar of Hepliaklqana.
  1013 | D:2      | Reached skill level 8 in Stealth
  1223 | D:2      | Reached * piety under Fedhas
  1867 | D:1      | Reached XP level 5. HP: 33/33 MP: 5/5
  2612 | D:3      | You fall into a shaft and drop 1 floor!
  2638 | D:3      | Found a glowing golden altar of the Shining One.
  3578 | D:5      | Noticed a phantom
  3580 | D:5      | Killed a phantom
  3581 | D:5      | Reached skill level 1 in Armour
  3581 | D:5      | Reached skill level 9 in Stealth
  3581 | D:5      | Reached XP level 6. HP: 38/38 MP: 6/6
  3741 | D:5      | Reached ** piety under Fedhas
  3947 | D:5      | Killed an ogre
  3948 | D:5      | Reached skill level 5 in Short Blades
  3948 | D:5      | Reached XP level 7. HP: 7/43 MP: 7/7
  4165 | D:5      | Reached skill level 10 in Stealth
  4197 | D:5      | HP: 2/43 [orc priest/+0 hand axe (4)]
  4198 | D:5      | Killed from afar by an orc priest

Illustrated notes

Levels and vault maps discovered:
D:1:      ebering_trefoil_twist, layout_loops_ring, lemuel_flame_loot_1
D:2:      layout_loops_cross, nzn_hepliaklqana_mist_gate,
          overflow_temple_1_default
D:3:      layout_basic, overflow_temple_1_default
D:4:      layout_cave_pools, nzn_wu_jian_contemplation,
          minmay_temple_entry_waves
D:5:      layout_loops_ring, serial_rivers, chequers_serial_rivers_micro_d,
          chequers_serial_rivers_room_a, chequers_serial_rivers_micro_c,
          chequers_serial_rivers_small_3, chequers_serial_rivers_small_b,
          basic_altar
Temple:   nicolae_temple_hex_pool

Skill      XL: |  1  2  3  4  5  6  7 |
---------------+----------------------+-----
Stealth        | 7 8 9 10 | 10.0
Short Blades   | 3 4 5 |  5.7
Armour         | 1 2 |  2.0
Fighting       | 4 |  4.2
Dodging        | 3 |  3.1

Action                   |  1- 3 |  4- 6 |  7- 9 || total
-------------------------+-------+-------+-------++-------
Melee: Short sword       |    47 |   155 |    36 ||   238
  Use: Scroll            |     2 |     8 |       ||    10
       Potion            |       |       |     3 ||     3
 Stab: Sleeping          |    12 |    37 |     5 ||    54
Armor: Leather armour    |     7 |    14 |     7 ||    28
Dodge: Dodged            |    27 |    81 |    32 ||   140
